Map: Orbital Shipyard

Players

lesha - Winner!

  • Race: Terran Terran
  • League: Gold

Fuhio

  • Race: Protoss Protoss
  • League: Gold

VOD

Have the link to the VOD?

Description

Time

  • Played on: Jan. 11, 2016, 10:38 a.m.
  • Length: 23:06
Show
View Real Time Build Order
Export as new Build Order

lesha Terran - Winner!

Build Orders: Reaper Expand, MMM Bio 

Get SALT Encoding   

  12  0:01  SCV  
  13  0:13  SCV  
  14  0:19  Supply Depot  
  14  0:25  SCV  
  15  0:40  SCV  
  15  0:41  Barracks  
  16  0:50  Refinery  
  16  0:52  SCV  
  17  1:04  SCV  
  18  1:16  SCV  
  19  1:33  Orbital Command  
  19  1:35  Reaper  
  20  1:47  Command Center  
  20  1:59  SCV  
  21  2:10  Barracks  
  21  2:11  SCV  
  21  2:12  Supply Depot  
  22  2:17  Barracks Reactor  
  22  2:24  SCV  
  22  2:28  Refinery  
  23  2:30  Factory  
  23  2:37  SCV  
  24  2:51  SCV  
  25  2:56  Marine x2  
  27  3:03  SCV  
  27  3:04  Barracks Reactor  
  28  3:11  Barracks  
  28  3:14  Orbital Command  
  28  3:15  Marine  
  28  3:16  Marine  
  28  3:17  SCV  
  31  3:26  Factory Reactor  
  31  3:29  SCV  
  32  3:38  Marine x2  
  35  3:41  SCV x2  
  35  3:46  Marine x2  
  38  3:52  Supply Depot x2  
  38  3:53  SCV  
  38  3:54  SCV  
  40  3:58  Marine  
  40  3:59  Starport, Marine  
  40  4:01  Barracks Tech Lab  
  42  4:04  Marine x2  
  44  4:15  SCV x2  
  46  4:18  Marine  
  46  4:19  Marine  
  46  4:21  Marauder  
  46  4:23  Stimpack  
  50  4:28  Marine x2  
  50  4:29  Supply Depot x2  
  52  4:39  Marine x2  
  52  4:43  SCV x2  
  56  4:47  Medivac  
  56  4:48  Medivac  
  56  4:49  Marine x2  
  56  4:51  Marauder  
  64  4:55  SCV x2  
  66  5:03  Supply Depot  
  66  5:04  Supply Depot  
  66  5:07  Engineering Bay  
  66  5:09  SCV x2, Marine x2  
  70  5:31  Barracks  
  70  5:34  Command Center  
  70  5:36  SCV x2  
  72  5:42  Refinery  
  72  5:44  Refinery  
  72  5:50  Missile Turret  
  72  5:51  Marine  
  72  5:52  Missile Turret, Marine x3  
  72  5:54  Missile Turret, Marauder  
  78  6:01  Medivac  
  78  6:03  SCV x2  
  80  6:24  Combat Shields  
  72  6:45  Marine x4  
  72  6:46  Marine  
  74  6:47  Medivac x2  
  74  7:03  Marine x2  
  66  7:15  Marine  
  66  7:16  Marine x2  
  57  7:33  Barracks Tech Lab  
  57  7:42  Barracks  
  57  7:45  Barracks x2  
  57  7:47  Barracks  
  57  7:50  Barracks  
  57  7:52  Supply Depot  
  57  7:53  Supply Depot  
  57  7:54  Supply Depot  
  57  7:55  Supply Depot  
  57  7:57  Supply Depot  
  57  8:00  SCV x2  
  57  8:02  Orbital Command  
  57  8:03  Marine x4  
  57  8:04  Marauder  
  67  8:05  Medivac  
  67  8:06  Medivac  
  67  8:07  Factory Tech Lab  
  67  8:11  Terran Infantry Weapons Level 1  
  71  8:18  Armory  
  71  8:19  SCV x2  
  73  8:21  Engineering Bay  
  71  8:31  SCV x2  
  71  8:33  Marine x3  
  71  8:34  Barracks Tech Lab x4  
  76  8:38  Marauder x2  
  76  8:41  Marine  
  81  8:44  Barracks Reactor  
  81  8:46  SCV x3  
  84  8:50  Marine x2  
  84  8:51  Marine  
  84  8:52  Marine x4  
  84  8:53  Medivac  
  84  8:54  Medivac  
  95  8:58  SCV x3  
  95  8:59  Marauder x2, Marine  
  103  9:03  Terran Infantry Armor Level 1  
  103  9:05  Concussive Shells  
  103  9:09  Marine  
  103  9:10  Marine x2  
  103  9:11  Marauder  
  103  9:12  Marauder x2  
  103  9:14  Marauder  
  114  9:19  SCV  
  114  9:20  SCV x2  
  114  9:21  Marauder x2  
  114  9:23  Medivac  
  123  9:24  Marine x3  
  123  9:27  Marine x2  
  123  9:28  Marine  
  123  9:31  Medivac  
  131  9:32  SCV x3  
  131  9:33  Marauder x3  
  131  9:35  Marine  
  141  9:41  Marine  
  141  9:42  Marine  
  143  9:49  Marine x5  
  143  9:50  Marine  
  149  10:04  Supply Depot  
  149  10:05  Supply Depot x2  
  149  10:07  Supply Depot  
  149  10:09  Supply Depot  
  149  10:11  Supply Depot  
  149  10:14  SCV, Marine x2  
  149  10:25  Marauder, SCV, Medivac x2, Marine  
  149  10:26  Marauder x4  
  165  10:32  Marauder  
  167  10:41  SCV  
  167  10:42  SCV x2, Marine x3  
  171  10:43  Marine x3  
  171  10:46  Marine  
  171  10:48  Marauder  
  179  10:54  SCV  
  180  10:57  Missile Turret x3  
  180  11:03  Missile Turret  
  180  11:07  Missile Turret  
  180  11:10  Command Center  
  178  11:23  Command Center  
  178  11:24  Missile Turret  
  154  11:32  Terran Infantry Weapons Level 2  
  151  11:33  Terran Infantry Armor Level 2  
  151  11:53  Marine x4  
  159  11:54  Marauder x4  
  159  11:55  Marauder x2  
  157  12:08  Marine x2  
  157  12:11  Marine x2  
  165  12:15  Marauder  
  165  12:16  Marauder x5  
  165  12:22  Marine x2  
  142  12:25  Medivac  
  142  12:27  Marine x2  
  146  12:34  Orbital Command  
  150  12:37  Marauder x6  
  150  12:40  SCV x3  
  161  12:46  SCV  
  161  12:49  Marine x2  
  161  12:50  Marine  
  147  12:52  SCV x3  
  147  12:57  Marine x3  
  147  12:58  SCV, Marauder x3, Marine  
  160  13:01  Marauder x2  
  165  13:07  Marine x2  
  165  13:12  Orbital Command  
  167  13:14  SCV x4  
  167  13:16  Marauder  
  177  13:20  Marauder x2  
  177  13:25  Marine x4  
  177  13:26  SCV, Marine x4  
  188  13:27  Marauder  
  188  13:38  Marauder  
  190  13:50  Refinery  
  190  13:53  Refinery  
  164  13:57  Marine x4  
  164  13:58  Marauder x5  
  164  13:59  Marauder  
  180  14:06  Marine x2  
  182  14:12  Command Center  
  182  14:15  Marine  
  183  14:19  Marauder  
  183  14:20  Starport x2, Marauder x4  
  183  14:21  Marauder  
  183  14:22  Starport  
  195  14:24  Starport x2  
  195  14:35  Marine x5  
  200  15:02  Armory  
  200  15:09  Fusion Core  
  200  15:13  Starport Tech Lab x5  
  123  15:55  Marine x5  
  123  15:56  Marauder x3  
  123  15:57  Marauder x3  
  122  15:58  Battlecruiser x2  
  122  15:59  Battlecruiser x2  
  138  16:07  Refinery  
  138  16:09  Refinery  
  134  16:20  Refinery  
  134  16:23  Battlecruiser, Refinery  
  138  16:35  Marine x3  
  138  16:36  Marauder, Marine x2  
  138  16:37  Marauder x3  
  136  16:46  Marauder x2  
  134  16:47  Marine  
  134  16:50  Command Center  
  134  16:53  Marine x3  
  128  16:58  Marauder x3  
  128  17:00  Terran Ship Weapons Level 1  
  130  17:05  Weapon Refit  
  108  17:20  Marine x3  
  108  17:21  Marauder, Marine x2  
  108  17:22  Marauder x5  
  111  17:23  Marine  
  94  17:38  Marine x4  
  94  17:39  Marine  
  94  17:43  Marauder x4  
  107  17:53  Marine x3  
  107  17:56  Marine x2, Medivac x3  
  120  18:04  Marauder x3  
  120  18:05  Marauder  
  128  18:12  Marauder  
  110  18:13  Marine x4  
  110  18:14  Command Center, Marine  
  110  18:16  Marine x2  
  113  18:25  Marauder  
  113  18:26  Marauder x3  
  116  18:31  Marine x4  
  116  18:33  Marauder, Marine x2  
  116  18:34  Medivac x2, Marauder  
  120  18:42  Orbital Command  
  120  18:47  Marauder x2, Marine x2  
  126  18:49  Marine x3  
  126  18:54  Marauder  
  133  18:55  Marauder  
  133  19:05  Marauder x2  
  133  19:08  Marauder x2, Marine x3  
  133  19:09  Marine  
  140  19:16  Marauder  
  143  19:17  Marauder  
  143  19:18  Marine  
  143  19:19  Marine  
  140  19:26  Marauder x2, Marine x3  
  140  19:30  Marauder x2  
  147  19:34  Marine  
  147  19:36  Marine x2  
  147  19:37  Marauder  
  154  19:38  Marauder  
  154  19:44  Marine x3  
  154  19:45  Medivac x2  
  161  19:48  Marauder x2  
  161  19:51  Marauder x2  
  169  19:54  Marine  
  169  19:55  Marine x2  
  169  19:59  Marauder  
  176  20:00  Marauder  
  176  20:02  Marine x3  
  179  20:09  Marauder x2  
  179  20:12  Command Center, Marauder, Marine x3  
  179  20:13  Marauder  
  190  20:20  Marauder  
  194  20:21  Marauder  
  194  20:31  Marauder x2  
  194  20:33  Barracks x2  
  194  20:34  Marauder  
  200  20:49  Orbital Command x2  
  179  21:25  Behemoth Reactor  
  177  22:17  Marine x3  
  177  22:18  Marauder x2, Marine  
  177  22:19  Marauder x4  
  193  22:23  SCV x6  
  199  22:35  SCV x2  
  185  22:40  Marauder x3  
  191  22:47  Marine x2  
  191  22:48  Marine x3  
Show
View Real Time Build Order
Export as new Build Order

Fuhio Protoss 

Build Orders: Double Forge 

Get SALT Encoding   

  12  0:01  Probe (Chrono Boost)  
  13  0:11  Probe (Chrono Boost)  
  14  0:18  Pylon  
  14  0:22  Probe (Chrono Boost)  
  15  0:30  Assimilator  
  15  0:45  Probe (Chrono Boost)  
  16  1:08  Probe (Chrono Boost), Nexus  
  17  1:19  Probe (Chrono Boost)  
  18  1:27  Gateway  
  18  1:29  Probe (Chrono Boost)  
  19  1:40  Gateway  
  19  1:47  Pylon  
  19  1:52  Probe (Chrono Boost)  
  20  2:10  Probe (Chrono Boost)  
  21  2:18  Cybernetics Core  
  21  2:22  Probe x2 (Chrono Boost), Assimilator  
  23  2:32  Probe x2 (Chrono Boost)  
  25  2:43  Probe x2 (Chrono Boost)  
  27  2:53  Probe x2 (Chrono Boost)  
  27  2:55  Warp Gate  
  27  2:57  Gateway  
  29  3:00  Stalker  
  29  3:02  Stalker  
  29  3:05  Probe (Chrono Boost)  
  34  3:08  Probe (Chrono Boost)  
  35  3:17  Forge  
  35  3:22  Mothership Core (Chrono Boost)  
  37  3:40  Pylon  
  36  3:53  Photon Cannon  
  36  3:55  Pylon  
  36  3:57  Probe x2 (Chrono Boost)  
  36  3:58  Pylon  
  36  4:00  Assimilator  
  36  4:01  Assimilator  
  38  4:07  Probe (Chrono Boost)  
  38  4:08  Probe (Chrono Boost)  
  40  4:12  Protoss Ground Weapons Level 1  
  40  4:14  Stalker  
  42  4:17  Stalker  
  42  4:18  Probe x2 (Chrono Boost)  
  46  4:29  Probe x2 (Chrono Boost)  
  48  4:36  Forge  
  48  4:37  Pylon  
  48  4:39  Probe (Chrono Boost)  
  48  4:42  Robotics Facility  
  49  4:51  Photon Cannon  
  49  5:04  Gateway  
  49  5:05  Gateway  
  49  5:09  Protoss Ground Armor Level 1  
  49  5:11  Probe x2 (Chrono Boost)  
  51  5:19  Pylon  
  51  5:22  Probe x2 (Chrono Boost)  
  51  5:25  Stalker  
  55  5:34  Robotics Bay  
  55  5:37  Warp Prism  
  55  5:42  Probe (Chrono Boost)  
  58  5:45  Stalker  
  60  6:00  Nexus  
  60  6:07  Protoss Shields Level 1  
  60  6:16  Twilight Council  
  56  6:25  Stalker x3  
  58  6:26  Stalker x2  
  58  6:51  Stalker  
  58  6:52  Stalker x2  
  58  7:11  Probe (Chrono Boost)  
  58  7:14  Mothership Core (Chrono Boost)  
  60  7:15  Stalker x2  
  60  7:16  Stalker  
  60  7:21  Probe (Chrono Boost)  
  65  7:32  Probe (Chrono Boost)  
  66  7:42  Probe (Chrono Boost)  
  67  7:47  Pylon x2  
  67  7:48  Stalker, Nexus  
  67  7:49  Pylon  
  69  7:53  Probe (Chrono Boost)  
  70  7:59  Pylon  
  70  8:02  Disruptor (Chrono Boost)  
  70  8:05  Pylon  
  73  8:13  Twilight Council  
  73  8:19  Gravitic Drive (Chrono Boost)  
  73  8:26  Stalker x3  
  79  8:27  Stalker x2  
  79  8:31  Disruptor  
  86  8:51  Photon Cannon  
  86  8:53  Photon Cannon  
  86  8:56  Photon Cannon  
  86  8:58  Protoss Ground Weapons Level 2  
  86  8:59  Protoss Ground Armor Level 2  
  86  9:06  Probe  
  86  9:07  Probe x2  
  86  9:09  Blink (Chrono Boost)  
  89  9:13  Disruptor  
  92  9:19  Probe  
  93  9:24  Stalker x2  
  93  9:25  Stalker  
  99  9:34  Stalker x2  
  99  9:36  Probe x2  
  105  9:49  Disruptor  
  105  9:51  Pylon  
  105  9:52  Pylon  
  108  9:59  Assimilator  
  108  10:04  Assimilator  
  108  10:24  Disruptor  
  111  10:49  Stalker x3  
  117  10:50  Stalker x2  
  121  11:10  Disruptor  
  95  11:28  Stalker x3  
  95  11:29  Stalker x2  
  92  11:46  Disruptor  
  83  12:24  Stalker x2  
  83  12:25  Stalker x3  
  90  13:03  Stalker x5  
  100  13:15  Nexus  
  100  13:16  Protoss Ground Weapons Level 3  
  100  13:18  Assimilator  
  100  13:22  Pylon  
  100  13:23  Pylon  
  100  13:25  Pylon  
  100  13:27  Pylon  
  100  13:30  Pylon  
  100  13:31  Stalker x5  
  110  13:36  Protoss Ground Armor Level 3  
  110  13:43  Photon Cannon  
  110  13:45  Photon Cannon  
  110  13:46  Photon Cannon  
  110  13:48  Photon Cannon  
  110  14:04  Stalker x2  
  110  14:05  Stalker x3  
  120  14:39  Stalker x3  
  120  14:40  Stalker x2  
  130  14:59  Observer  
  131  15:06  Stalker x2  
  131  15:07  Stalker x3  
  141  15:16  Observer Gravitic Boosters  
  141  15:20  Observer  
  89  15:52  Stalker x2  
  89  15:53  Stalker x3  
  90  16:08  Disruptor  
  89  16:44  Disruptor  
  78  17:30  Stalker x2  
  78  17:31  Stalker x3  
  86  17:58  Stalker x4  
  88  17:59  Stalker  
  82  18:36  Stalker x4  
  82  18:37  Stalker  
  92  18:43  Disruptor  
  85  19:12  Stalker x5  
  79  19:45  Stalker x2  
  79  19:46  Stalker x3  
  89  20:04  Charge (Chrono Boost)  
  86  20:13  Disruptor  
  89  20:20  Stalker, Nexus  
  91  20:24  Assimilator  
  91  20:28  Assimilator  
  91  20:33  Pylon  
  91  20:34  Pylon  
  91  20:36  Pylon  
  91  20:38  Pylon  
  91  21:00  Dark Shrine  
  57  21:22  Disruptor (Chrono Boost)  
  37  21:35  Zealot x3  
  37  21:36  Zealot x2  
Tags
 
Add a new tag
Caveats
  • Supply blocks, unpowered buildings, or Contaminate may cause inaccurate times.
  • Supply counts are checked every 10 seconds.